[Event "Chhattisgarh Masters GM 2022"]
[Site "Chhattisgarh"]
[Date "2022.09.27"]
[Round "9.7"]
[White "Vaibhav Jayant Raut"]
[Black "Manigandan, S S"]
[Result "1/2-1/2"]
[ECO "A07"]
[WhiteElo "2243"]
[BlackElo "2131"]
[Annotator "TA"]
[PlyCount "90"]
[EventDate "2022.09.19"]
[EventCountry "IND"]
[SourceTitle "playchess.com"]
[Source "ChessBase"]
[SourceQuality "1"]
[TimeControl "5400+30"]

1. Nf3 Nf6 2. g3 d5 3. Bg2 c6 4. O-O Bg4 5. d3 Nbd7 6. Nbd2 e5 7. e4 dxe4 8. dxe4 Bc5 9. Qe2 O-O {[%emt 0:00:17] A07: Réti Opening: New York and Capablanca Systems.} 10. a4 a5 11. Nc4 Re8 12. Rd1 Qc7 13. h3 Bh5 14. Bd2 Bf8 15. Qe1 b6 16. Bc3 h6 {[%emt 0:09:52] [#]} 17. Rdb1 $146 ({Predecessor:} 17. b3 Bg6 18. Nh4 Bh7 19. Nf5 Bxf5 20. exf5 e4 21. Ne3 Bc5 22. Bb2 Ne5 23. Qe2 Re7 {½-½ (23) Itkis,B (2387)-Belov,V (2389) Alushta 2000}) 17... Ra7 18. Nh4 Kh7 19. Nf5 Bg6 20. Rd1 Bxf5 21. exf5 e4 (21... Nd5 $5) 22. Rd2 b5 (22... Bc5 {seems wilder.} 23. Bd4 Ne5 24. Bxe5 Rxe5 25. Nxe5 Qxe5 26. c3 Qxg3 27. b4 axb4 28. cxb4 e3) 23. Ne3 b4 24. Bd4 c5 25. Bxf6 Nxf6 26. Rad1 c4 27. Rd4 c3 28. Rc4 Qb6 29. bxc3 Bd6 (29... Rc7 $11) 30. Kh1 (30. Ng4 $14) 30... Rae7 31. cxb4 Bxb4 32. Qe2 Bc5 33. Rc3 Qb4 34. Rc4 Qb6 35. Kg1 Bd6 (35... Rc7 $11) 36. Rc3 {[%emt 0:00:50][%cal Bc4c3,Bc3b3,Bb3b5][%mdl 32] [#] And now Nc4 would win.} Bb4 37. Rb3 {[%emt 0:00:19] Strongly threatening c3.} Qa7 38. g4 (38. c3 $14 Bc5 39. Rb5) 38... Qc7 $1 $11 {[%emt 0:00:30] The position is equal.} 39. c3 Bc5 40. Rb5 Ba7 41. c4 Bc5 42. Qe1 Bb4 43. Qe2 Bc5 44. Qe1 Bb4 45. Qe2 Bc5 {[%emt 0:00:00] Weighted Error Value: White=0.12 (very precise) /Black=0.11 (very precise)} 1/2-1/2

[Event "Chhattisgarh Masters GM 2022"]
[Site "Chhattisgarh"]
[Date "2022.09.27"]
[Round "9.9"]
[White "Neverov, Valeriy"]
[Black "Gusain, Himal"]
[Result "1/2-1/2"]
[ECO "A84"]
[WhiteElo "2430"]
[BlackElo "2359"]
[Annotator "TA"]
[PlyCount "142"]
[EventDate "2022.09.19"]
[EventCountry "IND"]
[SourceTitle "playchess.com"]
[Source "ChessBase"]
[SourceQuality "1"]
[TimeControl "5400+30"]

1. d4 d5 2. c4 e6 3. Nf3 c6 4. e3 Bd6 5. Bd3 f5 6. O-O Nf6 7. b3 Qe7 8. a4 O-O 9. Ba3 Bxa3 10. Nxa3 a5 11. Nc2 {[%emt 0:08:37][%cal Ba3c2,Bc2e1,Be1f3][%mdl 32] A84: Dutch Defence: 2 c4 Miscellaneous.} b6 12. Ne5 c5 13. Qe2 {[%emt 0:26:28] White is slightly better.} Nbd7 14. Rfd1 Bb7 15. Nxd7 Nxd7 {[%emt 0:03:42] [#]} 16. Ne1 $146 ({Predecessor:} 16. cxd5 exd5 17. Na3 g6 18. Nb5 Rae8 19. Qd2 Qf6 20. Bf1 Re7 21. Rac1 g5 22. g3 {½-½ (31) Shengelia,D (2569)-Krasenkow,M (2639) Sabadell 2008}) 16... Rf6 17. Nf3 Raf8 18. cxd5 exd5 19. Rac1 Rh6 20. Qc2 f4 21. Re1 fxe3 22. Rxe3 Qd6 23. h3 Kh8 ({Black should play} 23... Qf6) 24. Rce1 $16 {[%emt 0:01:51] [#] And now Ng5 would win.} c4 25. bxc4 dxc4 26. Be4 Bxe4 27. Rxe4 Qd5 $1 28. Ne5 Nxe5 29. dxe5 Rc6 30. e6 {[%emt 0:02:21] [#] Black must now prevent Rd1.} Re8 31. e7 Rc7 32. Rd1 Qf7 33. Rh4 h6 34. Qc3 {[%emt 0:00:29] aiming for Rxh6+.} Kh7 35. Rdd4 Rcxe7 {[%emt 0:01:16] ( -> ...Re1+)} 36. Rhf4 Qe6 37. Qc2+ Kh8 38. Rxc4 Qe5 39. Qg6 Re6 40. Qd3 Qa1+ 41. Kh2 Re1 42. Rcd4 Qb1 43. Qf3 Rh1+ 44. Kg3 Qg6+ 45. Qg4 {[%emt 0:00:00] The position is equal.} (45. Rg4 {with more complications.} Qe6 46. Qf4 Qb3+ 47. f3) 45... Qxg4+ 46. hxg4 $11 {[%emt 0:00:00][%mdl 4096] Endgame KRR-KRR} Rhe1 47. f3 Kg8 48. Rf5 R1e5 49. Rd7 R5e7 50. Rdd5 Re2 51. g5 R8e6 52. gxh6 Rxh6 53. Rg5 Kh7 54. Rd7 Rg6 55. Rxg6 Kxg6 {[%emt 0:00:00] KR-KR} 56. Rd6+ Kh7 57. Rxb6 {[%emt 0:00:33] Threatens to win with Rb5.} Ra2 58. Ra6 Rxa4 59. f4 g5 60. fxg5 Kg7 61. Kh3 Kf7 62. g4 Kg7 63. Kh4 Ra1 64. Ra7+ Kg6 65. Ra6+ Kg7 66. g6 Kh6 67. g7+ Kxg7 68. Kg5 Rb1 69. Ra7+ Kg8 70. Ra8+ Kg7 71. Ra7+ Kg8 {[%emt 0:00:00] Black defended with fortune.  Weighted Error Value: White=0.05 (flawless) /Black=0.08 (flawless)} 1/2-1/2

[Event "Chhattisgarh Masters GM 2022"]
[Site "Chhattisgarh"]
[Date "2022.09.27"]
[Round "9.9"]
[White "Rajesh, V A V"]
[Black "Praloy Sahoo"]
[Result "1/2-1/2"]
[ECO "D23"]
[WhiteElo "2331"]
[BlackElo "2117"]
[Annotator "TA"]
[PlyCount "64"]
[EventDate "2022.09.19"]
[EventCountry "IND"]
[SourceTitle "playchess.com"]
[Source "ChessBase"]
[SourceQuality "1"]
[TimeControl "5400+30"]

1. d4 d5 2. c4 c6 3. Nf3 Nf6 4. Qc2 dxc4 5. Qxc4 Bf5 6. g3 Nbd7 7. Bg2 e6 8. O-O Be7 9. Nbd2 Ne4 {[%emt 0:01:29] D23: Queen's Gambit Accepted: 3 Nf3 Nf6 sidelines.} 10. Qb3 Qb6 11. Nc4 Qxb3 {[%emt 0:10:36] The position is equal.} 12. axb3 Nd6 $1 {[%emt 0:01:22] [#]} 13. Na5 $146 {[%emt 0:01:41] next Bf4 is good for White.} ({Predecessor:} 13. Bf4 Nxc4 14. bxc4 O-O 15. Nd2 e5 16. Bxe5 Nxe5 17. dxe5 Rfd8 18. Nb3 Be6 19. Na5 {1-0 (32) Lazavik,D (2472)-Daneshvar,B (2411) Chess.com INT 2022}) 13... Be4 14. Ne5 {[%emt 0:14:25] Black must now prevent Bxe4.} Bxg2 15. Kxg2 f6 16. Nec4 {[%emt 0:01:26] Threatens to win with Nxd6+.} O-O-O $1 17. Nxd6+ Bxd6 18. Nc4 Bb8 19. Bf4 Bxf4 20. gxf4 Kb8 21. Ra5 Nb6 22. e3 Nd5 23. Kf3 (23. Rfa1 $5 ) 23... Ne7 24. Rfa1 Nc8 25. Rg1 g6 26. Rc1 Rd5 27. Rca1 (27. b4 $11 {is superior.}) 27... Rhd8 28. Ke2 b6 29. Rxd5 cxd5 30. Nd2 Nd6 31. Rc1 Kb7 32. Kd3 a5 {[%emt 0:04:47] Weighted Error Value: White=0.12 (very precise) /Black=0.06 (flawless)} 1/2-1/2

[Event "Chhattisgarh Masters GM 2022"]
[Site "Chhattisgarh"]
[Date "2022.09.27"]
[Round "9.10"]
[White "Ratnakaran, K.."]
[Black "Aswath S"]
[Result "1/2-1/2"]
[ECO "C54"]
[WhiteElo "2352"]
[BlackElo "2135"]
[Annotator "TA"]
[PlyCount "81"]
[EventDate "2022.09.19"]
[EventCountry "IND"]
[SourceTitle "playchess.com"]
[Source "ChessBase"]
[SourceQuality "1"]
[TimeControl "5400+30"]

1. e4 e5 2. Nf3 Nc6 3. Bc4 Bc5 4. c3 Nf6 5. d3 a5 6. h3 {[%emt 0:00:23] C54: Giuoco Piano: 4 c3 Nf6, main lines with 5 d4 and 5 d3.} d6 7. Bb3 h6 8. Nbd2 Ba7 9. Nf1 {[%emt 0:00:45] [#]} O-O $146 ({Predecessor:} 9... Qe7 10. Qe2 Bd7 11. Be3 a4 12. Bc2 b5 13. Bxa7 Nxa7 14. Ng3 g6 15. O-O h5 {0-1 (31) Magnusdottir,V (1777)-Magnusson,M (2003) Reykjavik 2016}) 10. g4 (10. Ng3 $11) 10... d5 $1 $15 11. Qe2 (11. Ng3 $15) 11... a4 $1 $17 12. Bc2 a3 13. b3 Qd6 14. g5 ({White should try} 14. Ne3) 14... hxg5 15. Nxg5 Qc5 16. Bd2 dxe4 (16... d4 $1 $17 17. c4 Bb6) 17. dxe4 Nd4 18. cxd4 Qxc2 19. dxe5 Qb2 20. Rc1 Qxe5 21. f4 (21. Nh2 $15) 21... Qe7 ({Black should play} 21... Qb2 $1 $17 22. e5 Qxa2 23. exf6 Bf5) 22. e5 Nh7 23. h4 {[%emt 0:00:06] aiming for Qe4.} f6 24. Qh5 fxg5 25. hxg5 Nxg5 {[%emt 0:00:36][%cal Oc8h3] White must now prevent ...Bh3!} 26. fxg5 (26. Qh8+ $1 $11 Kf7 27. Qh5+ g6 28. Qxg5 Qxg5 29. fxg5) 26... Qxe5+ 27. Kd1 Be6 28. Rxc7 Qa1+ $1 (28... Qxc7 $2 29. g6 Bg4+ 30. Qxg4 $18) (28... Rxf1+ $6 29. Rxf1 Rd8 30. Rff7 Qa1+ 31. Ke2 Qe5+ 32. Kd1 Qa1+ 33. Ke2 Qe5+ 34. Kd1 $11) 29. Rc1 {[%emt 0:01:04] [#] White wants to mate with g6.} Rxf1+ $1 30. Rxf1 {[%emt 0:00:08] Intending g6 and mate.} Qd4 (30... Qxa2 $17 {( -> ...Rd8)} 31. Rf3 (31. g6 $2 Qxb3+ 32. Rc2 Bg4+ 33. Qxg4 a2 $19) 31... Bxb3+ 32. Ke1 Bf7) 31. Rf4 $1 $11 Qg1+ 32. Kc2 Qc5+ 33. Kb1 {[%emt 0:28:38] [#]} (33. Kd1 $1 $11 {was the only way to keep the balance.} Qg1+ 34. Kc2 (34. Ke2 Qg2+ 35. Kd1 Qg1+ $11) 34... Qc5+ 35. Kd1 (35. Kb1 Bf5+ 36. Rxf5 Qxf5+ 37. Rc2 Rc8 $17) 35... Qg1+) 33... Bf5+ $1 $17 {[%emt 0:00:09][%mdl 1024] Black has strong compensation.} 34. Ka1 $2 (34. Rxf5 $17 Qxf5+ 35. Rc2) 34... Qe5+ $19 35. Rc3 {[%emt 0:00:21] g6 is the strong threat.} Bd4 $2 {[%emt 0:01:09] A strong pair of Bishops.} (35... Rd8 $19 36. g6 Rxd2 37. Qh7+ Kf8 38. Rxf5+ Qxf5 39. Qh8+ (39. Rc8+ {gets mated.} Qxc8 40. Qh8+ Ke7 41. Qh4+ Ke6 42. Qe1+ Kf6 43. Qxd2 Qf5 44. Qd6+ Kg5 45. Qg3+ Kh6 46. Qh4+ Kxg6 47. Qg3+ Kf7 48. Qc7+ Ke8) 39... Ke7 40. Rc7+ Rd7 41. Qxg7+ Kd6 42. Rxd7+ Qxd7 43. Qxd7+ Kxd7) 36. Qf3 $4 (36. Rff3 Qe2 37. Rxf5 Bxc3+ 38. Bxc3 Qxh5 39. Rf1 Rd8 40. Rc1 Qe2) (36. Rxd4 $11 Qxd4 37. g6 Qg1+ 38. Rc1 Qxg6 39. Qxg6 Bxg6 40. Bb4) 36... Rc8 $2 (36... Re8 {mates} 37. Rxd4 Qxd4 38. Qh5 {[#]} Re3 $3 39. g6 Rxc3 40. Qh7+ Kf8 41. Qh8+ Ke7 42. Bg5+ Kd6 43. Qd8+ Bd7 44. Bf4+ Qxf4 45. Qb6+ Ke7 46. Qb4+ Qxb4 47. Kb1 Bf5+ 48. Ka1 Rc1#) 37. Rxd4 $1 $11 {[%emt 0:07:16] The position is equal.} Qxd4 38. Qe3 $132 {[%emt 0:01:43][%mdl 2048] Inhibits Qg1+. White puts up resistance} Qxe3 39. Rxc8+ Bxc8 40. Bxe3 Kf7 41. Kb1 {[%emt 0:00:36] Weighted Error Value: White=0.39/Black=0.45} 1/2-1/2

[Event "Chhattisgarh Masters GM 2022"]
[Site "Chhattisgarh"]
[Date "2022.09.27"]
[Round "9.10"]
[White "Panesar Vedant"]
[Black "Harshavardhan G B"]
[Result "0-1"]
[ECO "E73"]
[WhiteElo "2336"]
[BlackElo "2429"]
[Annotator "TA"]
[PlyCount "100"]
[EventDate "2022.09.19"]
[EventCountry "IND"]
[SourceTitle "playchess.com"]
[Source "ChessBase"]
[SourceQuality "1"]
[TimeControl "5400+30"]

1. d4 {[%emt 0:00:02] Kapnisis,Spyridon} Nf6 2. c4 g6 3. Nc3 Bg7 4. e4 d6 5. Be2 O-O 6. Be3 e5 7. d5 Na6 8. g4 {[%emt 0:03:51] E73: King's Indian: Averbakh Variation without 6...c5.} Nc5 9. f3 h5 {[%emt 0:00:10] The modern move.} 10. h4 ({White should try} 10. g5 $14) 10... hxg4 $11 11. b4 $1 gxf3 (11... Na6 {feels hotter.} 12. fxg4 Qd7 13. g5 Ng4) 12. Bxf3 Ncxe4 13. Nxe4 Nxe4 14. Bxe4 f5 $1 {[%emt 0:00:10] [#]} 15. Bc2 $146 (15. Bg5 $14 {is the one way to stay ahead.} Qe8 16. Bc2) ({Predecessor:} 15. Bg5 Bf6 16. Bxf6 Qxf6 17. Bc2 e4 18. Ne2 f4 19. Qd4 f3 20. Qxf6 Rxf6 21. Ng3 {½-½ (81) Muradli,M (2449)-Iskandarov,M (2535) Nakhchivan 2021 CBM 203 Extra [Kapnisis,Spyridon]}) 15... f4 $17 {[%emt 0:07:37][%mdl 1024] Black has strong compensation.} 16. Bf2 e4 $1 (16... Bf5 $6 17. Bxf5 Rxf5 18. Qg4 $11) 17. Bd4 Bf5 $2 (17... Qe7 $17 {aiming for ...f3.} 18. Ne2 (18. Bxg7 Qxg7 19. Ne2 f3 $17) 18... f3 19. Bxg7 Qxg7) 18. Ne2 (18. Bxg7 $16 Kxg7 19. Qd4+ Qf6 20. Qxf6+ Kxf6 21. Nh3) 18... Bh6 (18... Qd7 $1 $11 {remains equal.}) 19. Bb2 $16 Kh7 20. h5 g5 21. Nd4 ({Better is} 21. Kf1 $1 $16 {Threatens to win with Nd4.} Re8 22. Nd4) 21... Qf6 $14 22. Nxf5 ({White should play} 22. Qb1 $14 Bg7 23. h6 (23. Bxe4 $2 Rfe8 $19)) 22... Qxf5 $4 (22... Qxb2 $11 23. Bxe4 Rae8 24. Nxd6+ Rxe4+ 25. Nxe4 Qg2 26. Nxg5+ Bxg5 27. Qd3+ Kh8) 23. Qd4 $18 Rae8 24. O-O-O $1 Re5 25. Qxa7 (25. Rhe1 $1 $18 {[%cal Rc2e4] is the precise move to win.} Rfe8 26. Qxa7) 25... Re7 $16 26. Rhe1 $1 {[%emt 0:01:54] And now Rd4 would win.} f3 {[%emt 0:00:00] White must now prevent ...f2.} 27. Qd4 ({Avoid the trap} 27. Qxb7 $2 f2 28. Rf1 g4+ 29. Kb1 g3 $19) 27... Rfe8 {[%emt 0:00:00] Hoping for ...f2.} 28. Qf6 g4+ 29. Kb1 Qxf6 30. Bxf6 {[%emt 0:00:05] This bishop pair is nice.} f2 31. Rf1 {[%emt 0:09:13][%mdl 8192] Now White is beyond hope.} (31. Re2 $16 {and life is bright.} Rf7 32. Rxf2) 31... g3 $19 32. Bh4 {[%emt 0:02:38] [#]} Bf4 {[%emt 0:00:32] ...Kh6 is the strong threat.} ({Not} 32... Rg7 {[#]} 33. Bxg3 $1 Rxg3 34. Rxf2 $14) 33. Bxe7 (33. Rxf2 $142 gxf2 34. Bxf2) 33... Rxe7 34. Rde1 $2 (34. Rxf2 {was necessary.} gxf2 35. Rf1) 34... Kh6 {[%emt 0:01:05] Strongly threatening ...e3.} ({Inferior is} 34... fxe1=B 35. Rxf4 Kh6 36. Rxe4 Rxe4 37. Bxe4 $17) 35. Bxe4 fxe1=Q+ 36. Rxe1 {[%emt 0:00:01][%mdl 4096] Endgame KRB-KRB} g2 {[%emt 0:00:19][%cal Oe7e4] ( -> ...Rxe4!)} 37. Rg1 Rxe4 38. Rxg2 Rxc4 {[%emt 0:00:08] KRB-KR} 39. a3 Be5 40. Rc2 Rxc2 {[%emt 0:00:38] Black mates.} 41. Kxc2 {[%emt 0:00:01] KB-KP} Bd4 42. Kd3 Bb2 43. a4 Kxh5 {[%emt 0:00:00] KB-K3P} 44. a5 Ba3 45. b5 Bc5 46. a6 bxa6 47. bxa6 Kg5 48. Kc4 Kf5 49. Kb5 Ke5 50. Kc6 Bb6 {[%emt 0:00:00] Weighted Error Value: White=0.56/Black=0.24 (precise)} 0-1

[Event "Chhattisgarh Masters GM 2022"]
[Site "Chhattisgarh"]
[Date "2022.09.27"]
[Round "9.11"]
[White "Luong Phuong Hanh"]
[Black "Gaurav Rajesh Zagade"]
[Result "0-1"]
[ECO "A49"]
[WhiteElo "2056"]
[BlackElo "2160"]
[Annotator "TA"]
[PlyCount "146"]
[EventDate "2022.09.19"]
[EventCountry "IND"]
[SourceTitle "playchess.com"]
[Source "ChessBase"]
[SourceQuality "1"]
[TimeControl "5400+30"]

1. d4 Nf6 2. Nf3 g6 3. g3 Bg7 4. Bg2 O-O 5. O-O d6 6. a4 Nc6 7. a5 e5 {[%emt 1:30:49] A49: 1 d4 Nf6 2 Nf3 g6 3 g3: Anti-King's Indian systems.} 8. dxe5 dxe5 9. a6 e4 {[%emt 0:00:00] The position is equal.} 10. Qxd8 Rxd8 11. Ng5 Nd4 12. Nc3 Nxc2 {[%emt 0:00:00] [#]} 13. Rb1 $146 ({Predecessor:} 13. Ra4 b5 14. Ra5 Nd4 15. Ngxe4 Nxe4 16. Bxe4 Rb8 17. Be3 Bh3 18. Re1 Be6 19. Bg5 {1-0 (35) Nguyen,V (2451)-Ajay,K (2233) Mumbai 2018}) 13... Nd4 $36 {[%emt 0:00:00][%mdl 2048] Black has the initiative.} ({Much less strong is} 13... bxa6 14. Ngxe4 Nxe4 15. Bxe4 $16) 14. Ngxe4 Nxe4 15. Bxe4 Rb8 16. Bf4 Ne6 17. Be3 bxa6 18. Bxa7 Rb4 19. Bg2 Bb7 {[%emt 0:00:00] Against Nd5} 20. Be3 Bxg2 21. Kxg2 Rdb8 22. Nd5 Rxb2 23. Rbc1 c5 24. Bxc5 Nxc5 25. Rxc5 Rxe2 26. Rc6 a5 27. Ra6 Bd4 $1 28. Rxa5 Rbb2 {[%emt 0:00:00][%cal Rd4f2] Black is more active.} 29. Nf4 Rxf2+ 30. Rxf2 Rxf2+ $17 {[%emt 0:00:00][%mdl 4096] Endgame KRB-KRN} 31. Kh3 h5 32. Ra4 Be3 33. Re4 Bb6 34. Nxg6 fxg6 {[%emt 0:00:00] KRB-KR} 35. Re6 Rb2 36. Rxg6+ Kh7 $1 37. Rg5 (37. Re6) 37... Kh6 $19 38. Rd5 Bg1 39. Rd6+ Kg5 40. Rd5+ Kg6 41. Rd6+ Kg7 42. Kh4 Rxh2+ 43. Kg5 Be3+ 44. Kf5 {[%emt 0:00:02] [#]} Rf2+ $1 45. Ke4 Bg5 46. Ra6 Bf6 {[%emt 0:00:00] Threatens to win with ...Kg6.} 47. Ra5 Kg6 {[%emt 0:00:00] Strongly threatening ...Be7.} 48. Rb5 $2 (48. Ke3 Rb2 49. Rd5) 48... Rf1 49. Ra5 Bc3 50. Rc5 Bg7 51. Rb5 Rf8 {[%emt 0:00:00] aiming for ...Bh8.} 52. Rc5 Bb2 53. Ke3 Ba3 54. Rd5 Rf6 55. Ke2 Bd6 56. Rd3 Kg5 57. Rf3 Re6+ 58. Re3 Rf6 59. Rf3 $1 Rg6 {[%emt 0:00:00] Black mates.} 60. Kf1 Kg4 61. Kg2 Re6 62. Rd3 Bc5 63. Rd5 Re2+ 64. Kf1 {[%emt 0:00:00] [#]} Rf2+ $1 65. Ke1 Rc2 66. Kd1 Rc4 67. Ke2 Bb6 68. Rd6 Re4+ 69. Kf1 Bc7 70. Rg6+ Kf3 71. Rc6 Bxg3 72. Rf6+ Bf4 73. Rf8 Ra4 {[%emt 0:00:00] Weighted Error Value: White=0.29 (precise) /Black=0.01 (flawless)} 0-1

[Event "Chhattisgarh Masters GM 2022"]
[Site "Chhattisgarh"]
[Date "2022.09.27"]
[Round "9.12"]
[White "Divya Deshmukh"]
[Black "Mahalakshmi D M"]
[Result "0-1"]
[ECO "D00"]
[WhiteElo "2330"]
[BlackElo "1145"]
[Annotator "TA"]
[PlyCount "64"]
[EventDate "2022.09.19"]
[EventCountry "IND"]
[SourceTitle "playchess.com"]
[Source "ChessBase"]
[SourceQuality "1"]
[TimeControl "5400+30"]

1. d4 Nf6 2. Nc3 d5 3. Bf4 c6 4. e3 Bf5 5. Nf3 e6 6. Be2 {[%emt 0:02:59] D00: 1 d4 d5: Unusual lines.} Bb4 7. O-O O-O 8. Bd3 {[%emt 0:02:40] [#] The position is equal.} Bxc3 $146 ({Predecessor:} 8... Bg4 9. h3 Bh5 10. a3 Bd6 11. Re1 Qc7 12. Bxd6 Qxd6 13. e4 dxe4 14. Nxe4 Nxe4 15. Rxe4 Nd7 16. c3 Rfd8 17. Rh4 Nf6 {½-½ (17) Belz,B-Fischer,A freechess.de 2015}) 9. bxc3 Ne4 10. Bxe4 Bxe4 11. Nd2 Bg6 12. c4 Nd7 13. Qb1 Qa5 14. Nf3 b5 15. c5 Rfe8 (15... Qa4 $11) 16. a4 $14 b4 17. Qb3 Bh5 18. Bd6 ({Better is} 18. Ne5 $16) 18... Bxf3 $11 19. gxf3 e5 20. Rfb1 Qd8 21. Bxe5 (21. Qxb4 $11 {remains equal.} Qg5+ 22. Kf1) 21... Nxe5 $17 22. dxe5 Qg5+ ({Black should try} 22... a5 $17 23. f4 Qh4) 23. Kf1 $15 Qxe5 {[%emt 0:00:00] [#] Threatens to win with ...a5.} 24. Qxb4 Qxh2 {[%emt 0:00:00] aiming for ...Rab8.} 25. Qd4 Qh5 26. Ke2 Re4 27. Qb2 (27. Rh1 Rxd4 28. Rxh5 Rc4 $17) 27... Rae8 {[%emt 0:00:00] [#] Strongly threatening ...Rf4.} 28. Rg1 (28. Rh1 $1 $15 Rh4 29. Rag1) 28... g6 $17 {[%emt 0:00:00] White must now prevent ...Rf4.} 29. Qf6 {[%emt 0:00:19] Against Rf4} Rc4 $36 {[%emt 0:00:00][%csl LRc2,LRc5][%mdl 2048] Black has strong initiative.} 30. Rg5 (30. c3 $17) 30... Qh4 {[%emt 0:00:00] The board is on fire.} ({Stronger than} 30... Rxc2+ 31. Kd1 Qh2 32. Rf5 (32. Kxc2 {is a self mate.} Qxf2+ 33. Kb1 Qf1+ 34. Kb2 Qe2+ 35. Kb1 Qd3+ 36. Ka2 Rxe3 37. Rc1 Qa3+ 38. Kb1 Re2 39. Qd8+ Kg7) (32. Qxc6 Rxe3 33. Qa8+ Kg7 34. Qxd5 Ree2) 32... gxf5 33. Qg5+ Kf8 34. Kxc2 $19) 31. Rc1 (31. Rag1) 31... Re6 $19 32. Qf5 Kf8 {[%emt 0:00:00] Weighted Error Value: White=0.38/Black=0.11 (very precise)} 0-1

[Event "Chhattisgarh Masters GM 2022"]
[Site "Chhattisgarh"]
[Date "2022.09.27"]
[Round "9.12"]
[White "Nagare Kaivalya Sandip"]
[Black "Bommini Mounika Akshaya"]
[Result "1-0"]
[ECO "B99"]
[WhiteElo "1996"]
[BlackElo "2152"]
[Annotator "TA"]
[PlyCount "89"]
[EventDate "2022.09.19"]
[EventCountry "IND"]
[SourceTitle "playchess.com"]
[Source "ChessBase"]
[SourceQuality "1"]
[TimeControl "5400+30"]

1. e4 c5 2. Nf3 d6 3. d4 cxd4 4. Nxd4 Nf6 5. Nc3 a6 6. Bg5 e6 7. f4 Be7 8. Qf3 Qc7 9. O-O-O Nbd7 10. Bd3 h6 11. Bh4 g5 12. fxg5 Ne5 13. Qe2 Nfg4 14. Nf3 hxg5 15. Bg3 Nxf3 16. gxf3 Ne5 {[%emt 0:00:00] B99: Sicilian Najdorf: 6 Bg5 e6 7 f4 Be7 8 Qf3 Qc7 9 0-0-0 Nbd7.} 17. Qf2 Bd7 18. Kb1 b5 {[%emt 0:00:00] The position is equal.} 19. f4 gxf4 20. Bxf4 {[%emt 0:00:06] [#]} Bc6 $146 ({Black should play} 20... b4 $11 21. Bxe5 dxe5) ({Predecessor:} 20... Rh7 21. h4 b4 22. Ne2 Ng4 23. Qf3 e5 24. Bg5 f6 25. Bd2 Be6 26. Rdg1 Nh6 27. Rg6 Ng8 28. Rhg1 {1-0 (28) Mariano,M (2095)-Vicentin,M (1961) Cuiaba 2021}) 21. Ne2 ({Better is} 21. h4 $14) 21... Bh4 $11 22. Bg3 Bxg3 23. hxg3 O-O-O 24. Rxh8 Rxh8 25. a4 Bd7 ({Much less strong is} 25... Nxd3 26. cxd3 e5 27. Nc3 $16) (25... Kb7 {feels hotter.} 26. axb5 axb5 27. Nd4 Ra8) 26. axb5 axb5 27. Nd4 Qc5 28. Qf6 Rg8 29. Nf3 Nxf3 30. Qxf3 Rg7 31. Rh1 Qe5 32. g4 Bc6 33. Qf2 Bxe4 34. Rh5 {[%emt 0:00:14][%mdl 64] [#] Skewer} f5 $1 {[%emt 0:00:59] ...Bxd3 is the strong threat.} 35. Qb6 {[%emt 0:00:24] Threatening mate with Rh8+.} Rb7 $1 36. Qa6 $40 {[%emt 0:00:18][%mdl 128] Threatens to win with Bxe4. White attacks.} Qd4 (36... Bxd3 $11 37. Qa8+ Rb8 38. Qc6+ Kd8 39. Rh8+ Qxh8 40. Qxd6+ Kc8 41. Qc6+ Kd8 42. Qd6+ Kc8 43. Qc6+ Kd8 44. Qd6+) 37. Bxe4 $18 Qxe4 {[%emt 0:00:29][%mdl 4096] Endgame KQR-KQR} 38. Rh7 Kb8 39. Rh8+ $2 ({Less strong is} 39. Qxd6+ Ka7 40. Rh3 b4 $16) (39. Qxb7+ Qxb7 40. Rxb7+ Kc8 {[#]} 41. g5 $1 Kxb7 42. g6) 39... Kc7 40. Rh7+ $2 (40. g5 f4 41. Rf8 Qh1+ 42. Ka2) 40... Kb8 41. Rxb7+ (41. Qxd6+ Ka7 42. Rh3 b4 $16) 41... Qxb7 42. Qxb7+ ({Not} 42. Qxd6+ Qc7 43. Qxe6 fxg4 $16) 42... Kxb7 43. g5 {[%emt 0:00:03] White is clearly winning.} f4 44. Kc1 f3 45. Kd2 {[%emt 0:00:04] Weighted Error Value: White=0.44/Black=0.09 (flawless)} 1-0

[Event "Chhattisgarh Masters GM 2022"]
[Site "Chhattisgarh"]
[Date "2022.09.27"]
[Round "9.16"]
[White "Harshal, Shahi"]
[Black "Singh Ojasva"]
[Result "1-0"]
[ECO "B90"]
[WhiteElo "2136"]
[BlackElo "2456"]
[Annotator "TA"]
[PlyCount "87"]
[EventDate "2022.09.19"]
[EventCountry "IND"]
[SourceTitle "playchess.com"]
[Source "ChessBase"]
[SourceQuality "1"]
[TimeControl "5400+30"]

1. e4 c5 2. Nf3 d6 3. d4 cxd4 4. Nxd4 Nf6 5. Nc3 a6 6. Be3 e5 7. Nf3 Qc7 8. a4 Be7 9. Be2 {[%emt 0:00:57] now supersedes 9.a5.} O-O 10. O-O b6 11. Qd3 {[%emt 0:01:01] was the old line (11.Nd2). B90: Sicilian Najdorf: Unusual White 6th moves, 6 Be3 Ng4 and 6 Be3 e5.} Nc6 12. Nd5 {[%emt 0:46:04] Inhibits Nb4.} Nxd5 13. exd5 {[%emt 0:00:48] The position is equal.} Nb4 14. Qb3 {[%emt 0:02:14] [#]} Qxc2 $146 ({Predecessor:} 14... a5 15. c3 Ba6 16. Bxa6 Nxa6 17. Bxb6 Rfb8 18. Bxc7 Rxb3 19. Bxa5 Rxb2 20. Rfb1 Rxb1+ 21. Rxb1 {½-½ (45) Safarli,E (2629)-Sjugirov,S (2626) Moscow 2011}) 15. Qxb4 {[%emt 0:00:43] Black must now prevent Nd2.} Qxe2 16. Nxe5 a5 17. Qa3 Bf6 (17... Qh5 $11 18. Nc6 Re8) 18. Rfe1 $16 Qh5 19. Nc4 {[%emt 0:01:25] White is more active.} Ba6 20. Nxb6 Rad8 21. Rac1 Rfe8 22. b4 axb4 23. Qxb4 h6 24. h3 Bd3 25. a5 Be4 {[%emt 0:01:37] [#]} 26. Qd2 $2 (26. Bf4 $1 $18 Qg6 27. g3) 26... Qg6 $14 27. f4 Bh4 28. Rf1 Bxg2 $2 {[%emt 0:02:47][%mdl 8192] [#]} 29. f5 $1 $18 Qg3 {[%emt 0:00:02] ( -> ...Be4+)} 30. Bf4 Bg5 31. Bxg3 {[%emt 0:01:05] Chess con chili.} Bxd2 32. Kxg2 {[%emt 0:00:08] Ra1 is the strong threat.} Bxc1 33. Rxc1 Re2+ 34. Kf3 Ra2 35. Be1 {[%emt 0:01:02] And now Rc8 would win.} (35. Nc4 Rc8 36. Bxd6 Rxa5 37. Nxa5 Rxc1 $18) 35... Re8 (35... Ra3+ $142 36. Bc3 Re8) 36. Bb4 Re5 37. Rc8+ Kh7 38. Nd7 $2 (38. Bxd6 $18 Rxf5+ 39. Ke4) 38... Rxf5+ $11 39. Ke4 g6 $2 (39... Rh5 $11) 40. Bc3 $18 Ra4+ 41. Ke3 g5 42. Nf8+ Kg8 43. Ng6+ Kh7 44. Ne7 {[%emt 0:00:00] Weighted Error Value: White=0.22 (precise) /Black=0.39} 1-0